 Dungeon Crawl Stone Soup version 0.28-a0-704-g4d584c6bc1 (webtiles) character file.

Game seed: 7592005739352321084

177 Astera the Covered (level 5, -1/42 HPs)
             Began as a Barachi Fighter on Oct 24, 2021.
             Was a Follower of Okawaru.
             Killed from afar by Blork the orc (6 damage)
             ... with a puff of frost
             ... on level 4 of the Dungeon.
             The game lasted 00:03:35 (3225 turns).

Astera the Covered (Barachi Fighter)                Turns: 3225, Time: 00:03:36

Health: -1/42      AC:  8    Str: 18    XL:     5   Next: 57%
Magic:  4/5        EV:  9    Int:  9    God:    Okawaru [*.....]
Gold:   107        SH:  4    Dex: 11    Spells: 4/4 levels left

rFire   . . .      SeeInvis .   a - +0 long sword
rCold   . . .      Faith    .   c - +0 buckler
rNeg    . . .      Spirit   .   b - +0 scale mail
rPois   .          Reflect  .   (no helmet)
rElec   .          Harm     .   (no cloak)
rCorr   .          Rampage  .   g - +0 pair of gloves
Will    .....                   (no boots)
Stlth   ..........              (no amulet)
HPRegen 0.14/turn               (no ring)
MPRegen 0.09/turn               (no ring)

@: slow
A: amphibious, slowness 1, strong legs 1, +LOS
a: Hop, Renounce Religion, Heroism


You were on level 4 of the Dungeon.
You worshipped Okawaru.
Okawaru was aware of your devotion.
You visited 1 branch of the dungeon, and saw 4 of its levels.

You collected 107 gold pieces.

Inventory:

Hand Weapons
 a - a +0 long sword (weapon)
Armour
 b - a +0 scale mail (worn)
 c - a +0 buckler (worn)
 g - a +0 pair of gloves (worn)
Scrolls
 e - 2 scrolls of identify {unknown}
 i - 3 scrolls of immolation {unknown}
 l - a scroll of amnesia {unknown}
 n - a scroll of fear {unknown}
 o - a scroll of brand weapon {unknown}
Potions
 d - a potion of might
 f - a potion of magic {unknown}
 h - a potion of cancellation {unknown}
 j - a potion of curing {unknown}
 k - 2 potions of mutation {unknown}
 m - 2 potions of lignification {unknown}
 p - a potion of flight {unknown}


   Skills:
 + Level 4.2 Fighting
 + Level 4.8 Long Blades
 + Level 4.8 Armour
 + Level 0.8 Dodging
 + Level 3.9 Shields


You had 4 spell levels left.
You didn't know any spells.
Your spell library was empty.

Dungeon Overview and Level Annotations

Branches:
Dungeon (4/15)
 Temple: D:4-7

Altars:
Fedhas
Okawaru

Annotations:
D:4 Blork the orc


Innate Abilities, Weirdness & Mutations

You are amphibious.
You cover ground slowly.
You can hop short distances.
You have an extended range of vision and can be seen from far away.


Message History

There is a stone staircase leading up here.
You gain the combat prowess of a mighty hero.
Blork the orc points at you and mumbles some strange words.
The puff of frost hits you!
Found a stone staircase leading up.
You block Blork the orc's attack.
You closely miss Blork the orc. You block Blork the orc's attack.
You hit Blork the orc but do no damage. Blork the orc closely misses you.
You hit Blork the orc but do no damage.
Blork the orc gestures at you while chanting.
The magic dart hits you.
You slash Blork the orc!
Blork the orc is moderately wounded.
You block Blork the orc's attack.
You closely miss Blork the orc.
Blork the orc is moderately wounded.
Blork the orc gestures at you while chanting.
The puff of frost hits you!
You barely miss Blork the orc.
Blork the orc is moderately wounded.
You feel like a meek peon again.
Blork the orc begins to cast a cantrip, but forgets the words!
You barely miss Blork the orc.
Blork the orc is moderately wounded.
Blork the orc hits you with a +2 dire flail of protection.
You hit Blork the orc.
Blork the orc is heavily wounded.
Blork the orc looks angry.
Blork the orc hits you with a +2 dire flail of protection!
* * * LOW HITPOINT WARNING * * *
You closely miss Blork the orc.
Blork the orc is heavily wounded.
Blork the orc hits you but does no damage.
You slash Blork the orc!
Blork the orc is severely wounded.
Blork the orc hits you with a +2 dire flail of protection.
* * * LOW HITPOINT WARNING * * *
Blork the orc casts a spell at you. The puff of frost hits you.
You die...

########
#....<.#
#......#
#...@..#
#......#
#..o...#
#(.........
........##...
.##........
#. ..
........<. ..
........####
. .....#....


You could see Blork the orc.

Vanquished Creatures
  An ogre (D:3)
  An adder (D:2)
  3 worms
  2 dart slugs
  12 ball pythons
  7 endoplasms
  3 giant cockroaches
  4 goblins
  7 hobgoblins
  4 jackals (D:3)
  A quokka (D:3)
  8 bats
  5 frilled lizards
  7 kobolds
  4 rats
69 creatures vanquished.

Vanquished Creatures (others)
  A plant (D:2)
1 creature vanquished.

Grand Total: 70 creatures vanquished

Notes
Turn   | Place    | Note
-------+----------+-------------------------------------------
     0 | D:1      | Astera the Barachi Fighter began the quest for the Orb.
     0 | D:1      | Reached XP level 1. HP: 18/18 MP: 1/1
   118 | D:1      | Found a faded altar of an unknown god.
   123 | D:1      | Prayed at the altar of an unknown god.
   123 | D:1      | Became a worshipper of Warmaster Okawaru
   123 | D:1      | Reached * piety under Okawaru
   346 | D:1      | Reached XP level 2. HP: 25/25 MP: 2/2
   827 | D:1      | Reached XP level 3. HP: 30/30 MP: 3/3
  1566 | D:2      | Reached XP level 4. HP: 18/37 MP: 4/4
  1839 | D:2      | Found a blossoming altar of Fedhas.
  2095 | D:3      | Found an iron altar of Okawaru.
  2734 | D:3      | Noticed an ogre
  2742 | D:3      | Killed an ogre
  2743 | D:3      | Reached XP level 5. HP: 4/42 MP: 5/5
  3210 | D:4      | Noticed Blork the orc
  3225 | D:4      | Killed from afar by Blork the orc

Illustrated notes

Levels and vault maps discovered:
D:1:      scummos_arrival_star, layout_basic, ebering_ecumenical_altar_hall,
          lemuel_old_faithful
D:2:      layout_rooms, basic_altar, chequers_serial_rivers_room_a,
          minmay_shallow_snake_nest
D:3:      layout_basic, okawaru_trees_2
D:4:      layout_rooms, kennysheep_mini_moat,
          lemuel_mausoleum_altar_kikubaaqudgha, uniq_menkaure,
          uniq_blork_the_orc

Skill      XL: |  1  2  3  4 |
---------------+-------------+-----
Long Blades    | 3 4 |  4.8
Armour         | 4 |  4.8
Fighting       | 4 |  4.2
Dodging        | |  0.8
Shields        | |  3.9

Action                   |  1- 3 |  4- 6 || total
-------------------------+-------+-------++-------
Melee: Long sword        |   130 |   120 ||   250
Invok: Heroism           |       |     1 ||     1
Armor: Scale mail        |    79 |    75 ||   154
Dodge: Dodged            |    87 |    51 ||   138
Block: Buckler           |    35 |    34 ||    69

Table legend: (Time is in decaauts)
 A = Elapsed time spent in this place.
 B = Non-inter-level travel time spent in this place.
 C = Inter-level travel time spent in this place.
 D = Time resting spent in this place.
 E = Time spent auto-exploring this place.
 F = Levels seen in this place.
 G = Mean time per level.
                   A        B        C        D        E       F      G
               +--------+--------+--------+--------+--------+-----+--------+
         Total |   3579 |   3524 |     55 |      0 |   2933 |   4 |  894.8 |
       Dungeon |   3579 |   3524 |     55 |      0 |   2933 |   4 |  894.8 |
               +--------+--------+--------+--------+--------+-----+--------+

Top non-repeatable levels by time:
     D:1: 1422 daAuts
     D:3: 1322 daAuts
     D:2: 819 daAuts
     D:4: 15 daAuts
